 Dungeon Crawl Stone Soup version 0.32-a0-43-g058985b245 (webtiles) character file.

Game seed: 16093116024477344801

3433 Atlas the Thaumaturge (level 9, 0/69 HPs)
             Began as a Deep Elf Fire Elementalist on Feb 5, 2024.
             Was a Follower of Vehumet.
             Slain by an unseen horror (6 damage)
             ... on level 10 of the Dungeon.
             The game lasted 00:10:21 (9841 turns).

Atlas the Thaumaturge (Deep Elf Fire Elementalist)  Turns: 9841, Time: 00:10:21

Health: 0/69       AC: 24    Str:  5    XL:     9   Next: 77%
Magic:  23/27      EV:  2    Int: 25    God:    Vehumet [*.....]
Gold:   443        SH:  0    Dex: 15    Spells: 25/32 levels left

rFire   + . .        q - +4 flail (protect)
rCold   x . .        (no shield)
rNeg    . . .        E - melded +0 acid dragon scales
rPois   +            r - melded +0 helmet {Int+3}
rElec   .            (cloak currently unavailable)
rCorr   .            g - melded +0 pair of gloves
SInv    .            (boots currently unavailable)
Will    .....        e - amulet of the acrobat
Stlth   +++          o - ring of fire
HPRegen 0.31/turn    (no ring)
MPRegen 0.20/turn

%: acrobat
@: tree-form
A: stationary, stasis, torment immunity, boosted hp
a: Renounce Religion


You were on level 10 of the Dungeon.
You worshipped Vehumet.
Vehumet was aware of your devotion.
You were a tree.
You visited 1 branch of the dungeon, and saw 12 of its levels.

You collected 615 gold pieces.
You spent 172 gold pieces at shops.

Inventory:

Hand Weapons
 q - a +4 flail of protection (weapon)
Armour
 g - a +0 pair of gloves (melded)
 r - a +0 helmet of intelligence (melded)
 u - a +2 robe of willpower
 E - +0 acid dragon scales (melded)
 F - +0 steam dragon scales
Jewellery
 e - an amulet of the acrobat (around neck)
 o - a ring of fire (left branch)
Wands
 n - a wand of flame (3)
 t - a wand of polymorph (6)
 z - a wand of iceblast (10)
 H - a wand of mindburst (5)
Scrolls
 c - 2 scrolls of poison
 f - a scroll of enchant armour
 k - 3 scrolls of teleportation
 l - 4 scrolls of silence
 p - 3 scrolls of fear
 s - a scroll of immolation
 w - 2 scrolls of amnesia {unknown}
 y - a scroll of revelation
 B - a scroll of vulnerability
 C - a scroll of fog
Potions
 a - 2 potions of lignification
 b - 2 potions of magic
 d - 2 potions of brilliance {unknown}
 h - 3 potions of curing {unknown}
 i - 2 potions of mutation {unknown}
 j - 3 potions of heal wounds {unknown}
 m - 3 potions of degeneration {unknown}
 v - a potion of attraction {unknown}
 x - a potion of resistance {unknown}
 A - a potion of enlightenment {unknown}
 D - a potion of invisibility {unknown}
 G - a potion of might {unknown}


   Skills:
 + Level 0.7 Fighting
 + Level 1.4 Armour
 + Level 3.1 Dodging
 + Level 4.2 Stealth
 + Level 12.2 Spellcasting
 + Level 5.0 Conjurations
 + Level 10.0 Fire Magic


You had 25 spell levels left.
You knew the following spells:

 Your Spells              Type           Power      Damage    Failure   Level
a - Scorch                Fire           100%       2d9       1%          2
b - Foxfire               Conj/Fire      100%       2x1d9     1%          1
c - Flame Wave            Conj/Fire      68%        2d15      1%          4

Your spell library contained the following spells:

 Spells                   Type           Power      Damage    Failure   Level
 Kiss of Death            Conj/Necr      100%       2d13      1%          1
 Sting                    Conj/Alch      100%       1d9       1%          1
 Inner Flame              Hex/Fire       57%        N/A       1%          3
 Volatile Blastmotes      Fire/Tloc      100%       2d18      1%          3
 Ensorcelled Hibernation  Hex/Ice        30%        N/A       6%          2
 Mercury Vapours          Alch/Air       30%        N/A       6%          2
 Passwall                 Erth           15%        N/A       12%         3
 Swiftness                Air            15%        N/A       12%         3
 Fulminant Prism          Conj/Alch      13%        3d8       14%         4
 Iskenderun's Mystic Bla  Conj/Tloc      27%        2d7       14%         4
 Olgreb's Toxic Radiance  Alch           15%        N/A       36%         4
 Summon Forest            Summ/Tloc      7%         N/A       73%         5
 Eringya's Noxious Bog    Alch           7%         4d6       99%         6
 Summon Hydra             Summ           7%         N/A       100%        7


Dungeon Overview and Level Annotations

Branches:
Dungeon (12/15)            Temple (0/1) D:6            Lair (0/5) D:11
    Orc: D:9-12

Altars:
Ashenzari
Gozag
Hepliaklqana
Makhleb
Okawaru
Ru
Trog
Vehumet
Wu Jian
Xom
Yredelemnul

Shops:
D:5 ([:(   D:6 (

Annotations:
D:5 1 runed translucent door
D:11 Lodul


Message History

An ogre comes into view. It is wielding a +0 giant spiked club.
You are too injured to fight recklessly!
As you read the scroll of fog, it dissolves into smoke.
As you read the scroll of teleportation, it crumbles to dust.
You feel strangely unstable.
Your surroundings suddenly seem different.
Found an escape hatch in the ceiling.
Something hits you but does no damage.
Deactivating autopickup; reactivate with Ctrl-A.
A yak comes into view.
Something hits you. x2
* * * LOW HITPOINT WARNING * * *
There is an escape hatch in the ceiling here.
Something hits you but does no damage. x2
A mysterious force pulls you upwards. The hatch slams shut behind you.
Reactivating autopickup.
You start resting.
Something misses you.
You start resting.
Something barely misses you.
You start resting.
Something hits you.
* * * LOW HITPOINT WARNING * * *
Deactivating autopickup; reactivate with Ctrl-A.
Something closely misses you. Something misses you.
Casting: Foxfire (safe; 1% risk of failure)
Confirm with . or Enter, or press ? or * to list all spells.
You feel a surge of power!
Flames lash something.
You hear an angry hiss.
Something hits you.
* * * LOW HITPOINT WARNING * * *
It was a potion of lignification.
You turn into a tree.
Your +0 helmet of intelligence melds into your body.
Your +0 pair of gloves melds into your body.
Your +0 acid dragon scales melds into your body.
You feel stupid.
Your roots penetrate the ground.
Something hits you but does no damage.
A wyvern comes into view.
Casting: Scorch (safe; 1% risk of failure)
Confirm with . or Enter, or press ? or * to list all spells.
You feel a surge of power!
Flames lash something.
Something hits you but does no damage. Something hits you.
You die... #.########.# #...k..♣...# ##..########

You could see a wyvern.

Vanquished Creatures
  An unseen horror (D:11)
  Sigmund (D:5)
  A vampire (D:8)
  A steam dragon (D:8)
  Edmund (D:4)
  An acid dragon (D:11)
  An orc warrior (D:7)
  3 black bears
  8 ogres
  A centaur (D:8)
  A phantom (D:4)
  2 bullfrogs
  A scorpion (D:7)
  4 wights
  2 howler monkeys
  3 bombardier beetles
  3 hounds
  2 orc priests
  2 gnoll boudas
  A sleepcap (D:6)
  Jessica (D:3)
  4 iguanas
  Terence (D:3)
  3 orc wizards
  11 gnolls
  8 adders
  2 shadow imps
  A white imp (D:7)
  2 dart slugs
  24 orcs
  4 endoplasms
  5 giant cockroaches
  8 goblins
  5 hobgoblins
  2 jackals (D:4)
  5 quokkas
  5 ball pythons
  3 bats
  4 frilled lizards
  6 kobolds
  6 rats
150 creatures vanquished.

Vanquished Creatures (collateral kills)
  8 foxfires (D:6)
8 creatures vanquished.

Vanquished Creatures (others)
  3 orcs (D:8)
  432 foxfires
435 creatures vanquished.

Grand Total: 593 creatures vanquished

Notes
Turn   | Place    | Note
-------+----------+-------------------------------------------
     0 | D:1      | Atlas the Deep Elf Fire Elementalist began the quest for
                  | the Orb.
     0 | D:1      | Reached XP level 1. HP: 10/10 MP: 6/6
   397 | D:1      | Reached XP level 2. HP: 15/15 MP: 5/8
  1066 | D:2      | Learned a level 2 spell: Scorch
  1343 | D:2      | Reached XP level 3. HP: 19/19 MP: 6/10
  2140 | D:3      | Found a shimmering altar of Xom.
  2379 | D:3      | Noticed Terence
  2388 | D:3      | Killed Terence
  2389 | D:3      | Reached skill level 4 in Spellcasting
  2389 | D:3      | Reached XP level 4. HP: 11/24 MP: 10/12
  2733 | D:3      | Noticed Jessica
  2735 | D:3      | Killed Jessica
  2736 | D:3      | Reached skill level 5 in Fire Magic
  2936 | D:4      | Noticed Edmund
  3184 | D:4      | Found a burning altar of Makhleb.
  3200 | D:4      | Reached XP level 5. HP: 28/28 MP: 5/13
  3695 | D:4      | Reached skill level 5 in Spellcasting
  4165 | D:4      | Reached XP level 6. HP: 32/32 MP: 13/16
  4239 | D:4      | Reached skill level 6 in Spellcasting
  4776 | D:4      | Killed Edmund
  4777 | D:4      | Reached skill level 7 in Spellcasting
  4777 | D:4      | Reached XP level 7. HP: 36/36 MP: 3/19
  4883 | D:5      | Entered Level 5 of the Dungeon
  5137 | D:5      | Found Urugat's Weapon Shop.
  5162 | D:5      | Found Xipileq's Antique Armour Emporium.
  5171 | D:5      | Bought a glowing helmet for 172 gold pieces
  5186 | D:5      | Found Muifulemn's Weapon Shoppe.
  5187 | D:5      | Found Xaom's Book Shoppe.
  5325 | D:5      | Found a radiant altar of Vehumet.
  5376 | D:5      | Found a sacrificial altar of Ru.
  5428 | D:5      | Found a basalt altar of Yredelemnul.
  5428 | D:5      | Found a faded altar of an unknown god.
  5499 | D:5      | Became a worshipper of Vehumet
  5595 | D:5      | Noticed Sigmund
  5601 | D:5      | Killed Sigmund
  5602 | D:5      | Reached skill level 8 in Spellcasting
  5723 | D:5      | Found an iron altar of Okawaru.
  5725 | D:5      | Found a runed translucent door.
  5729 | D:5      | Found the +0 toga "Victory" {*Victory Clar}
  5844 | D:5      | Found a faded altar of an unknown god.
  5846 | D:5      | Found an opulent altar of Gozag.
  5848 | D:5      | Found a broken altar of Ashenzari.
  5939 | D:5      | Learned a level 4 spell: Flame Wave
  6017 | D:6      | Found a staircase to the Ecumenical Temple.
  6068 | D:6      | Found Vuonid's Antique Weapon Emporium.
  6116 | D:6      | Reached XP level 8. HP: 41/41 MP: 15/22
  6218 | D:6      | Found a hazy altar of Hepliaklqana.
  6446 | D:6      | Reached skill level 9 in Spellcasting
  6595 | D:6      | Found a bloodstained altar of Trog.
  7091 | D:7      | Reached * piety under Vehumet
  7091 | D:7      | Offered knowledge of Kiss of Death by Vehumet.
  7095 | D:7      | Reached skill level 10 in Spellcasting
  7960 | D:8      | Reached XP level 9. HP: 13/46 MP: 9/25
  8336 | D:8      | Found an ornate altar of the Wu Jian Council.
  9249 | D:9      | Reached skill level 11 in Spellcasting
  9300 | D:9      | You fall into a shaft and drop 3 floors!
  9503 | D:11     | Killed an unseen horror
  9575 | D:11     | Reached skill level 1 in Armour
  9685 | D:11     | Found a staircase to the Lair.
  9728 | D:11     | Reached skill level 12 in Spellcasting
  9731 | D:11     | Reached skill level 5 in Conjurations
  9731 | D:11     | Reached skill level 10 in Fire Magic
  9823 | D:11     | Noticed Lodul
  9834 | D:10     | Entered Level 10 of the Dungeon
  9841 | D:10     | Slain by an unseen horror

Illustrated notes

Levels and vault maps discovered:
D:1:      dpeg_arrival_rooms_c, layout_loops_ring
D:2:      layout_basic, serial_bayou_pond_c
D:3:      layout_basic, lemuel_round_altar, uniq_jessica, uniq_terence
D:4:      layout_loops_corners, lemuel_coloured_pillars_altar, st_stairs_12,
          hangedman_decor_points, uniq_edmund
D:5:      layout_basic, nicolae_overflow_guarded_unrand_okawaru_victory,
          nicolae_ru_sacrificial_ziggurat, lemuel_tele_altar,
          chequers_temple_overflow_minitemple, serial_shops,
          nicolae_square_shop, shop, nicolae_shop_waterfront, shop, uniq_sigmund
D:6:      layout_loops_ring, nicolae_hepliaklqana_hazy_memory,
          mainiacjoe_overflow_chevrons, minmay_temple_entry_overgrown,
          serial_shops, shop_statue, nicolae_figureground_pulse
D:7:      layout_gridville, st_stairs_12
D:8:      layout_basic, mainiacjoe_overflow_alcove_4, lemuel_flame_loot_1
D:9:      layout_roguey, kennysheep_mini_moat, overflow_temple_1_default,
          mainiacjoe_overflow_brackets, david_orc_2, kennysheep_nondescript
D:10:     layout_loops_ring, serial_glass, glass_columns_a, glass_columns_b,
          nicolae_guarded_unrand_slippers, uniq_harold
D:11:     layout_loops_ring, lair_entry_dummy, uniq_josephine, uniq_urug,
          uniq_psyche, uniq_lodul
D:12:     layout_basic, zin_treasury, uniq_nergalle, uniq_jorgrun

Skill      XL: |  1  2  3  4  5  6  7  8  9 |
---------------+----------------------------+-----
Fire Magic     | 4 5 6 7 8 10 | 10.0
Spellcasting   | 4 5 7 8 10 12 | 12.2
Stealth        | 3 4 |  4.2
Conjurations   | 2 3 4 5 |  5.0
Dodging        | 3 |  3.1
Armour         | 1 |  1.4
Fighting       | |  0.7

Action                     |  1- 3 |  4- 6 |  7- 9 || total
---------------------------+-------+-------+-------++-------
  Melee: Unarmed           |     4 |       |       ||     4
         Flail             |       |       |     1 ||     1
   Cast: Foxfire           |    87 |    66 |   110 ||   263
         Scorch            |     9 |    39 |    67 ||   115
         Flame Wave        |       |       |     8 ||     8
    Use: Scroll            |     2 |     4 |     7 ||    13
         Potion            |     1 |       |     1 ||     2
   Stab: Sleeping          |       |       |     1 ||     1
 Armour: Robe              |    13 |     5 |    14 ||    32
         Acid dragon scale |       |       |    27 ||    27
         Skin              |       |       |     3 ||     3
  Dodge: Dodged            |     8 |     5 |    28 ||    41

Table legend: (Time is in decaauts)
 A = Elapsed time spent in this place.
 B = Non-inter-level travel time spent in this place.
 C = Inter-level travel time spent in this place.
 D = Time resting spent in this place.
 E = Time spent auto-exploring this place.
 F = Levels seen in this place.
 G = Mean time per level.
                   A        B        C        D        E       F      G
               +--------+--------+--------+--------+--------+-----+--------+
         Total |   9844 |   9513 |    331 |   1240 |   7173 |  12 |  820.3 |
       Dungeon |   9844 |   9513 |    331 |   1240 |   7173 |  12 |  820.3 |
               +--------+--------+--------+--------+--------+-----+--------+

Top non-repeatable levels by time:
     D:4: 1771 daAuts
     D:8: 1488 daAuts
     D:3: 1105 daAuts
     D:6: 1094 daAuts
     D:5: 1079 daAuts
     D:1: 1062 daAuts
     D:2: 947 daAuts
     D:7: 701 daAuts
    D:11: 456 daAuts
    D:12: 76 daAuts
     D:9: 54 daAuts
    D:10: 6 daAuts
